 Dungeon Crawl Stone Soup version 0.30-a0-394-g3e4acdb0ae (webtiles) character file.

Game seed: 8464476138244519030

150 Iich the Chopper (level 5, -3/47 HPs)
             Began as a Minotaur Berserker on Dec 6, 2022.
             Was a Believer of Trog.
             Slain by a gnoll
             ... wielding a +0 halberd
              (8 damage)
             ... on level 3 of the Dungeon.
             The game lasted 00:04:40 (2113 turns).

Iich the Chopper (Minotaur Berserker)               Turns: 2113, Time: 00:04:40

Health: -3/47      AC:  2    Str: 24    XL:     5   Next: 10%
Magic:  4/4        EV: 12    Int:  4    God:    Trog [**....]
Gold:   60         SH:  0    Dex:  9    Spells: 4/4 levels left

rFire   . . .      SeeInvis .    a - +0 hand axe
rCold   . . .      Faith    .    (no shield)
rNeg    . . .      Spirit   .    b - +0 animal skin
rPois   .          Reflect  .    (helmet restricted)
rElec   .          Harm     .    (no cloak)
rCorr   .          Rampage  .    (no gloves)
Will    .....                    (no boots)
Stlth   +.........               (no amulet)
HPRegen 0.27/turn                (no ring)
MPRegen 0.09/turn                (no ring)

@: no status effects
A: horns 2, retaliatory headbutt
a: Renounce Religion, Berserk, Trog's Hand


You were on level 3 of the Dungeon.
You worshipped Trog.
Trog was pleased with you.
You visited 1 branch of the dungeon, and saw 3 of its levels.
You also visited: Sewer.

You collected 60 gold pieces.

Inventory:

Hand Weapons
 a - a +0 hand axe (weapon)
Armour
 b - a +0 animal skin (worn)
Jewellery
 h - an amulet of reflection
 l - a +6 ring of intelligence
Wands
 m - a wand of acid (15)
Scrolls
 c - a scroll of summoning
 e - a scroll of blinking
 f - a scroll of enchant armour
 g - a scroll of enchant weapon
 i - a scroll of amnesia
 k - a scroll of torment {unknown}
 n - a scroll of poison {unknown}
 o - 3 scrolls of magic mapping
 q - a scroll of teleportation {unknown}
 s - a scroll of noise {unknown}
Potions
 d - a potion of lignification {unknown}
 j - a potion of curing
 p - a potion of berserk rage {unknown}
 r - a potion of heal wounds {unknown}


   Skills:
 + Level 4.4 Fighting
 * Level 6.1 Axes
 + Level 2.6 Armour
 + Level 2.7 Dodging
 + Level 0.1 Stealth


You had 4 spell levels left.
You didn't know any spells.
Your spell library was empty.

Dungeon Overview and Level Annotations

Branches:
Dungeon (3/15)              Sewer (visited)

Altars:

Shops:
D:3 [((


Innate Abilities, Weirdness & Mutations

You have a pair of horns on your head.
You reflexively headbutt those who attack you in melee.


Message History

A gnoll is nearby!
A gnoll comes into view. It is wielding a +0 halberd.
A gnoll comes into view. It is wielding a +0 flail.
The gnoll shouts!
The gnoll completely misses you. You furiously retaliate!
You headbutt the gnoll. You barely miss the gnoll.
The gnoll is heavily wounded.
You hit the gnoll. The gnoll closely misses you.
The gnoll hits you with a +0 flail.
The gnoll hits you from afar with a +0 halberd!
You barely miss the gnoll. You headbutt the gnoll!
You kill the gnoll!
Trog accepts your kill.
You hit the gnoll but do no damage. The gnoll closely misses you.
The gnoll barely misses you.
You hit the gnoll. Your headbutt misses the gnoll.
The gnoll is moderately wounded.
The gnoll hits you with a +0 flail!
The gnoll hits you from afar with a +0 halberd!
You are too injured to fight recklessly!
You are too injured to fight recklessly!
You are too injured to fight recklessly!
Unknown command.
You are too injured to fight recklessly!
You are too injured to fight recklessly!
You hit the gnoll.
The gnoll is heavily wounded.
The gnoll hits you with a +0 flail.
* * * LOW HITPOINT WARNING * * *
The gnoll barely misses you.
You barely miss the gnoll.
The gnoll is heavily wounded.
The gnoll closely misses you. x2
You completely miss the gnoll. You headbutt the gnoll.
The gnoll is almost dead.
The gnoll hits you with a +0 flail!
* * * LOW HITPOINT WARNING * * *
The gnoll hits you from afar with a +0 halberd!
You die...

...##.#...........#
#+###.#.....#####.#
. ......#.....#.# #
#.#.###.###.#.# #
#.#...# .#.#
#.#.###.#.###
#.#...>.#...
.#..##.###g#.#
#.........@)..#
#..########...# #.#
#g.# #. ..# # .# .#
#


You could see 2 gnolls.

Vanquished Creatures
  A gnoll (D:3)
  6 adders (Sewer)
  2 river rats (Sewer)
  2 worms (D:2)
  6 ball pythons
  5 endoplasms
  2 giant cockroaches (D:3)
  3 hobgoblins (D:1)
  8 jackals (D:1)
  4 kobolds
  3 quokkas (D:3)
  6 bats
  7 frilled lizards
  2 goblins (D:3)
  7 rats
64 creatures vanquished.

Notes
Turn   | Place    | Note
-------+----------+-------------------------------------------
     0 | D:1      | Iich the Minotaur Berserker began the quest for the Orb.
     0 | D:1      | Reached XP level 1. HP: 19/19 MP: 0/0
    78 | D:1      | Reached skill level 4 in Axes
    92 | D:1      | Reached XP level 2. HP: 16/27 MP: 1/1
   478 | D:1      | Reached XP level 3. HP: 33/33 MP: 2/2
   824 | D:2      | Reached ** piety under Trog
  1113 | D:2      | Found a faded altar of an unknown god.
  1423 | D:3      | Found Voeciv's Antique Weapon Emporium.
  1448 | D:3      | Found Aruitix's Armour Shoppe.
  1514 | D:3      | Found a glowing drain.
  1529 | Sewer    | Entered a sewer
  1588 | Sewer    | Reached skill level 5 in Axes
  1604 | Sewer    | Reached XP level 4. HP: 40/40 MP: 3/3
  1885 | Sewer    | Reached skill level 6 in Axes
  1890 | Sewer    | Reached XP level 5. HP: 45/47 MP: 4/4
  2056 | D:3      | Found Lalaenk's Antique Weapon Shop.
  2113 | D:3      | Slain by a gnoll

Illustrated notes

Levels and vault maps discovered:
D:1:      lightli_arrival_statuegarden, layout_loops_ring, kennysheep_boxes
D:2:      layout_basic, hellmonk_ecumenical_altar_slurped_away
D:3:      minmay_door_path, layout_basic, jmf_multi_god_temple2, serial_shops,
          shop_coins, shop_statue, nicolae_shop_stone,
          nicolae_shop_behind_doors, nicolae_shop_stone, gup_sewer_entry_pipe

Skill      XL: |  1  2  3  4 |
---------------+-------------+-----
Axes           | 4 5 6 |  6.1
Fighting       | 4 |  4.4
Armour         | |  2.6
Dodging        | |  2.7
Stealth        | |  0.1

Action                   |  1- 3 |  4- 6 || total
-------------------------+-------+-------++-------
Melee: Hand axe          |    85 |    47 ||   132
       Headbutt          |     7 |     5 ||    12
       Punch             |       |     1 ||     1
  Use: Scroll            |       |     6 ||     6
       Potion            |       |     1 ||     1
 Stab: Sleeping          |       |     1 ||     1
Armor: Animal skin       |    14 |     6 ||    20
Dodge: Dodged            |    63 |    32 ||    95

Table legend: (Time is in decaauts)
 A = Elapsed time spent in this place.
 B = Non-inter-level travel time spent in this place.
 C = Inter-level travel time spent in this place.
 D = Time resting spent in this place.
 E = Time spent auto-exploring this place.
 F = Levels seen in this place.
 G = Mean time per level.
                   A        B        C        D        E       F      G
               +--------+--------+--------+--------+--------+-----+--------+
         Total |   2166 |   2133 |     33 |      0 |   1726 |   4 |  541.5 |
       Dungeon |   1648 |   1615 |     33 |      0 |   1359 |   3 |  549.3 |
         Sewer |    517 |    517 |      0 |      0 |    367 |   1 |  517.0 |
               +--------+--------+--------+--------+--------+-----+--------+

Top non-repeatable levels by time:
     D:1: 719 daAuts
     D:2: 696 daAuts
   Sewer: 517 daAuts
     D:3: 232 daAuts
